 Dungeon Crawl Stone Soup version 0.32-a0-685-g93135e86f0 (webtiles) character file.

Game seed: 9028059091081815150

263 ForkInBrain the Trooper (level 6, -7/72 HPs)
             Began as an Oni Warper on Mar 13, 2024.
             Killed from afar by Eustachio the steam dragon (11 damage)
             ... with a ball of steam
             ... on level 4 of the Dungeon.
             The game lasted 00:12:49 (5634 turns).

ForkInBrain the Trooper (Oni Warper)                Turns: 5634, Time: 00:12:49

Health: -7/72      AC:  4    Str: 18    XL:     6   Next: 19%
Magic:  9/9        EV:  9    Int: 14    God:
Gold:   154        SH:  0    Dex:  8    Spells: 9/9 levels left

rFire   . . .        a - +0 mace
rCold   . . .        (no shield)
rNeg    . . .        b - +0 robe
rPois   +            (helmet restricted)
rElec   .            l - +0 cloak
rCorr   +            (gloves unavailable)
SInv    .            (boots unavailable)
Will    .....        e - amulet of the acrobat
Stlth   +            k - ring of resist corrosion
HPRegen 0.32/turn    t - ring of poison resistance
MPRegen 0.11/turn

%: acrobat
@: mighty
A: large, unfitting armour, horns 1, tough skin 1, double potion healing,
drunken brawling
a: no special abilities


You were on level 4 of the Dungeon.
You visited 1 branch of the dungeon, and saw 4 of its levels.

You collected 154 gold pieces.

Inventory:

Hand Weapons
 a - a +0 mace (weapon)
 q - a +0 trident
 v - a +0 whip
Missiles
 d - 7 darts of dispersal (quivered)
 o - 26 stones
 w - a boomerang
Armour
 b - a +0 robe (worn)
 l - a +0 cloak (worn)
Jewellery
 e - an amulet of the acrobat (around neck)
 k - a ring of resist corrosion (left hand)
 t - a ring of poison resistance (right hand)
Wands
 x - a wand of polymorph (6)
Scrolls
 c - a scroll of blinking
 m - a scroll of teleportation {unknown}
 n - a scroll of brand weapon {unknown}
 r - a scroll of enchant weapon {unknown}
 s - a scroll of fear {unknown}
 u - a scroll of vulnerability {unknown}
Potions
 f - a potion of lignification {unknown}
 g - a potion of cancellation {unknown}
 h - 2 potions of enlightenment
 i - a potion of haste {unknown}
 j - a potion of curing


   Skills:
 + Level 7.9 Fighting
 + Level 2.7 Maces & Flails
 - Level 1.0 Throwing
 - Level 2.1 Dodging
 - Level 2.4 Spellcasting
 - Level 2.6 Translocations


You had 9 spell levels left.
You didn't know any spells.
Your spell library contained the following spells:

 Spells                   Type           Power      Damage    Failure   Level
 Apportation              Tloc           18%        N/A       8%          1
 Blink                    Tloc           18%        N/A       12%         2
 Lesser Beckoning         Tloc           18%        N/A       12%         2
 Slow                     Hex            4%         N/A       22%         1
 Teleport Other           Tloc           9%         N/A       22%         3
 Jinxbite                 Hex            2%         N/A       34%         2
 Confusing Touch          Hex            1%         N/A       56%         3
 Vampiric Draining        Necr           1%         2d6       56%         3
 Manifold Assault         Tloc           9%         N/A       58%         4
 Vhi's Electric Charge    Tloc/Air       10%        N/A       78%         4
 Alistair's Intoxication  Alch           0%         N/A       99%         5
 Conjure Ball Lightning   Conj/Air       0%         3x3d6     100%        6
 Discord                  Hex            0%         N/A       100%        8
 Disjunction              Tloc           4%         N/A       100%        8


Dungeon Overview and Level Annotations

Branches:
Dungeon (4/15)
 Temple: D:4-7

Altars:
Ashenzari

Annotations:
D:4 Eustachio


Innate Abilities, Weirdness & Mutations

You are too large for most types of armour.
You have a pair of small horns on your head.
You have tough skin. (AC +1)
You gain doubled healing and magic from potions.
Whenever you drink a healing potion, you attack all around you.


Message History

You closely miss Eustachio.
You headbutt Eustachio, but do no damage.
Eustachio is lightly wounded.
Eustachio breathes steam at you. The ball of steam hits you!
* * * LOW HITPOINT WARNING * * *
Eustachio breathes steam at you. The ball of steam hits you!
* * * LOW HITPOINT WARNING * * *
You take a swig of the potion and twirl your +0 mace.
You hit Eustachio but do no damage.
Eustachio is lightly wounded.
You savour every drop.
You feel better. Eustachio barely misses you.
Eustachio claws you but does no damage.
You feel very mighty all of a sudden. Eustachio bites you but does no damage.
Eustachio misses you.
You sock Eustachio!
Eustachio is moderately wounded.
Eustachio bites you.
* * * LOW HITPOINT WARNING * * *
Eustachio barely misses you. Eustachio bites you!
* * * LOW HITPOINT WARNING * * *
Eustachio claws you.
* * * LOW HITPOINT WARNING * * *
You closely miss Eustachio.
Eustachio is moderately wounded.
Eustachio bites you.
* * * LOW HITPOINT WARNING * * *
Eustachio claws you but does no damage.
You sock Eustachio!
You headbutt Eustachio, but do no damage.
Eustachio is heavily wounded.
Eustachio bites you but does no damage. Eustachio claws you but does no damage.
You closely miss Eustachio.
Eustachio is heavily wounded.
Eustachio completely misses you. Eustachio claws you.
* * * LOW HITPOINT WARNING * * *
Eustachio breathes steam at you. The ball of steam hits you!
You die...

#.# #.#
###.#####
##.).....###
####.#.........
#...###.....##
####.##.#..##..#
#....###.#.# .#
#...#.D@..<..# #
#.#...####.### #
##.## #.# #. #.#
#) #.# #. #.# #.
#.. .. ###


You could see Eustachio the steam dragon (catching breath).

Vanquished Creatures
  Jessica (D:3)
  Terence (D:3)
  Natasha (thrice) (D:3)
  8 adders
  3 dart slugs
  2 orcs (D:3)
  3 bats
  4 endoplasms
  4 giant cockroaches
  5 goblins
  9 hobgoblins
  4 jackals (D:1)
  A quokka (D:3)
  6 ball pythons
  4 frilled lizards
  3 kobolds
  2 rats
63 creatures vanquished.

Notes
Turn   | Place    | Note
-------+----------+-------------------------------------------
     0 | D:1      | ForkInBrain the Oni Warper began the quest for the Orb.
     0 | D:1      | Reached XP level 1. HP: 22/22 MP: 3/3
    29 | D:1      | Reached skill level 3 in Fighting
    97 | D:1      | Reached XP level 2. HP: 15/32 MP: 5/5
   203 | D:1      | Reached skill level 4 in Fighting
   432 | D:1      | Reached XP level 3. HP: 21/40 MP: 6/6
   714 | D:1      | Reached skill level 5 in Fighting
  1223 | D:2      | Identified the +2 pair of boots "Osife" {Fly Str+5 Int-4
                  | SInv}
  1513 | D:2      | Reached XP level 4. HP: 27/52 MP: 7/7
  2089 | D:2      | Found a faded altar of an unknown god.
  2200 | D:3      | Noticed Natasha
  2209 | D:3      | Killed Natasha
  2210 | D:3      | Reached skill level 6 in Fighting
  2488 | D:3      | Reached XP level 5. HP: 61/61 MP: 8/8
  2559 | D:3      | Found a broken altar of Ashenzari.
  2837 | D:3      | Reached skill level 7 in Fighting
  2953 | D:3      | Noticed Terence
  2987 | D:3      | Killed Terence
  3179 | D:3      | Noticed Jessica
  3180 | D:3      | Noticed Natasha
  3192 | D:3      | Killed Natasha
  3195 | D:3      | Killed Jessica
  3196 | D:3      | Reached XP level 6. HP: 72/72 MP: 9/9
  3509 | D:3      | Found a broken altar of Ashenzari.
  3529 | D:3      | Noticed Natasha
  3536 | D:3      | Killed Natasha
  4132 | D:3      | Found a broken altar of Ashenzari.
  4701 | D:3      | Found a broken altar of Ashenzari.
  5343 | D:3      | Found a broken altar of Ashenzari.
  5613 | D:4      | Noticed Eustachio
  5616 | D:4      | Eustachio changed into Eustachio the steam dragon
  5616 | D:4      | Noticed Eustachio
  5634 | D:4      | Killed from afar by Eustachio the steam dragon

Illustrated notes

Levels and vault maps discovered:
D:1:      scummos_arrival_star, layout_basic
D:2:      layout_loops_corners, serial_forest, infiniplex_forest_clump_tiny,
          infiniplex_forest_lined_1, infiniplex_forest_diagonal,
          infiniplex_forest_straight_2, hellmonk_ecumenical_altar_heavens_door
D:3:      layout_basic, mainiacjoe_overflow_brackets, uniq_jessica,
          uniq_terence, uniq_natasha
D:4:      layout_loops_ring, makhleb_blood_cavern_becter, uniq_grinder,
          uniq_eustachio

Skill      XL: |  1  2  3  4  5 |
---------------+----------------+-----
Fighting       | 3 4 5 6 7 |  7.9
Maces & Flails | |  2.7
Throwing       | |  1.0
Dodging        | |  2.1
Spellcasting   | |  2.4
Translocations | |  2.6

Action                     |  1- 3 |  4- 6 || total
---------------------------+-------+-------++-------
  Melee: Mace              |   104 |    39 ||   143
         Headbutt          |    12 |    15 ||    27
         Trident           |    25 |    97 ||   122
         Unarmed           |       |     2 ||     2
  Evoke: Wand              |       |     3 ||     3
    Use: Scroll            |       |     3 ||     3
         Potion            |       |     3 ||     3
   Stab: Sleeping          |       |     2 ||     2
 Armour: Robe              |   104 |   113 ||   217
         Skin              |       |    30 ||    30
  Dodge: Dodged            |    95 |    67 ||   162

Table legend: (Time is in decaauts)
 A = Elapsed time spent in this place.
 B = Non-inter-level travel time spent in this place.
 C = Inter-level travel time spent in this place.
 D = Time resting spent in this place.
 E = Time spent auto-exploring this place.
 F = Levels seen in this place.
 G = Mean time per level.
                   A        B        C        D        E       F      G
               +--------+--------+--------+--------+--------+-----+--------+
         Total |   5703 |   5624 |     79 |    388 |   4562 |   4 | 1425.8 |
       Dungeon |   5703 |   5624 |     79 |    388 |   4562 |   4 | 1425.8 |
               +--------+--------+--------+--------+--------+-----+--------+

Top non-repeatable levels by time:
     D:3: 3473 daAuts
     D:2: 1149 daAuts
     D:1: 1044 daAuts
     D:4: 36 daAuts
